 Dungeon Crawl Stone Soup version 0.30-a0-739-gea05faddec (webtiles) character file.

Game seed: 7089881714493960030

55458 browni3141 the Necromancer (level 14, -15/63 HPs)
             Began as a Felid Necromancer on Feb 4, 2023.
             Was an Elder of Sif Muna.
             Demolished by a seven-headed hydra (16 damage)
             ... called by a spriggan druid
             ... on level 3 of the Swamp.
             The game lasted 02:33:14 (41849 turns).

browni3141 the Necromancer (Felid Necromancer)     Turns: 41849, Time: 02:33:15

Health: -15/63     AC:  3    Str:  4    XL:     14   Next: 38%
Magic:  0/29       EV: 23    Int: 24    God:    Sif Muna [****..]
Gold:   698        SH:  0    Dex: 17    Spells: 3/33 levels left
                                        Lives:  0   Deaths: 4

rFire   . . .      SeeInvis +      - Unarmed
rCold   + + .      Faith    .    (shield unavailable)
rNeg    . . .      Spirit   +    (body armour unavailable)
rPois   .          Reflect  .    (helmet unavailable)
rElec   .          Harm     .    (cloak unavailable)
rCorr   .          Rampage  .    (gloves unavailable)
Will    ++...                    (boots unavailable)
Stlth   ++++++                   j - amulet of guardian spirit
HPRegen 0.30/turn                i - ring of flight
MPRegen 0.21/turn                p - ring of protection from cold

@: about to teleport, flying, quick
A: very small, claws 1, fangs 3, see invisible, speed 1, shaggy fur 3, stealthy
paws, no weapons or thrown items, no armour, multi-lived
a: Renounce Religion, Channel Magic, Forget Spell, Divine Exegesis


You were on level 3 of the Swamp.
You worshipped Sif Muna.
Sif Muna was greatly pleased with you.
You visited 5 branches of the dungeon, and saw 26 of its levels.
You also visited: Sewer.

You collected 2806 gold pieces.
You spent 2108 gold pieces at shops.

Inventory:

Jewellery
 g - a ring of resist corrosion
 i - a ring of flight (left paw)
 j - an amulet of guardian spirit (around neck)
 k - an amulet of magic regeneration
 n - a +4 ring of protection
 p - a ring of protection from cold (right paw)
 x - a ring of magical power
 y - a ring of willpower
 H - a ring of willpower
 J - an amulet of regeneration
 N - an amulet of faith
 R - a ring of wizardry
 X - a ring of poison resistance
 Y - a ring of fire
Wands
 E - a wand of digging (5)
 P - a wand of polymorph (8)
 S - a wand of flame (18)
 V - a wand of charming (8)
 W - a wand of iceblast (7)
Scrolls
 b - 9 scrolls of teleportation
 c - 4 scrolls of amnesia
 e - 3 scrolls of torment
 h - 6 scrolls of fear
 l - a scroll of immolation
 m - a scroll of fog
 v - 12 scrolls of vulnerability
 w - 7 scrolls of enchant armour
 z - 5 scrolls of brand weapon
 B - 4 scrolls of noise
 D - 6 scrolls of butterflies
 F - a scroll of magic mapping
 G - 4 scrolls of blinking
 L - a scroll of poison
 M - 2 scrolls of enchant weapon
 T - 5 scrolls of identify
Potions
 a - a potion of magic
 d - 5 potions of cancellation
 f - 3 potions of flight
 o - 3 potions of resistance
 q - 2 potions of invisibility
 r - 5 potions of brilliance
 s - 6 potions of mutation
 t - 4 potions of heal wounds
 u - 4 potions of attraction
 A - 2 potions of berserk rage
 C - 5 potions of haste
 I - 11 potions of degeneration
 K - 4 potions of ambrosia
 O - 2 potions of might
 Q - 3 potions of curing
 U - 3 potions of lignification
Miscellaneous
 Z - a condenser vane (inert)


   Skills:
 - Level 8.0 Fighting
 - Level 10.0 Dodging
 * Level 15.6 Stealth
 - Level 8.0 Unarmed Combat
 - Level 10.0 Spellcasting
 - Level 5.0 Hexes
 * Level 16.3 Necromancy
 - Level 8.0 Transmutations
 - Level 6.0 Earth Magic
 * Level 11.2 Invocations
 - Level 6.0 Evocations


You had 3 spell levels left.
You knew the following spells:

 Your Spells              Type           Power      Damage    Failure   Level
a - Dispel Undead         Necr           74%        3d25      1%          4
b - Vampiric Draining     Necr           74%        2d11      1%          3
c - Animate Dead          Necr           74%        N/A       1%          4
d - Ensorcelled Hibernat  Hex/Ice        48%        N/A       2%          2
e - Passwall              Tmut/Erth      37%        N/A       1%          2
f - Petrify               Tmut/Erth      45%        N/A       3%          4
g - Borgnjor's Vile Clut  Necr/Erth      30%        N/A       1%          5
h - Death Channel         Necr           37%        N/A       1%          6

Your spell library contained the following spells:

 Spells                   Type           Power      Damage    Failure   Level
 Necrotise                Necr           100%       1d9       0%          1
 Sublimation of Blood     Necr           74%        N/A       0%          2
 Beastly Appendage        Tmut           100%       N/A       1%          1
 Cigotuvi's Dreadful Rot  Necr/Pois/Air  76%        N/A       1%          2
 Wereblood                Tmut           50%        N/A       1%          2
 Tukima's Dance           Hex            36%        N/A       1%          3
 Spider Form              Tmut/Pois      31%        N/A       3%          3
 Apportation              Tloc           24%        N/A       5%          1
 Freeze                   Ice            48%        1d6       5%          1
 Shock                    Conj/Air       48%        1d6       5%          1
 Summon Small Mammal      Summ           48%        N/A       5%          1
 Inner Flame              Hex/Fire       24%        N/A       5%          3
 Summon Guardian Golem    Hex/Summ       24%        N/A       5%          3
 Poisonous Vapours        Pois/Air       24%        N/A       8%          2
 Scorch                   Fire           24%        2d6       8%          2
 Call Canine Familiar     Summ           12%        N/A       16%         3
 Frozen Ramparts          Ice            24%        1d4       16%         3
 Hailstorm                Conj/Ice       12%        3d5       16%         3
 Mephitic Cloud           Conj/Pois/Air  12%        N/A       16%         3
 Ozocubu's Armour         Ice            12%        N/A       16%         3
 Swiftness                Air            12%        N/A       16%         3
 Anguish                  Hex/Necr       29%        N/A       1%          4
 Agony                    Necr           74%        N/A       1%          5
 Leda's Liquefaction      Hex/Erth       19%        N/A       5%          4
 Blade Hands              Tmut           25%        N/A       5%          5
 Yara's Violent Unravell  Hex/Tmut       21%        3d10      10%         5
 Alistair's Intoxication  Tmut/Pois      20%        N/A       28%         5
 Irradiate                Conj/Tmut      15%        3d16      28%         5
 Simulacrum               Ice/Necr       25%        N/A       28%         6
 Borgnjor's Revivificati  Necr           37%        N/A       38%         8
 Infestation              Necr           37%        N/A       38%         8
 Statue Form              Tmut/Erth      30%        N/A       41%         6
 Airstrike                Air            6%         2d(1-17)  45%         4
 Flame Wave               Conj/Fire      12%        2d6       45%         4
 Iskenderun's Mystic Bla  Conj/Tloc      12%        2d5       45%         4
 Olgreb's Toxic Radiance  Pois           12%        N/A       45%         4
 Passage of Golubria      Tloc           12%        N/A       45%         4
 Sticky Flame             Conj/Fire      12%        2d4       45%         4
 Summon Ice Beast         Ice/Summ       12%        N/A       45%         4
 Metabolic Englaciation   Hex/Ice        12%        N/A       45%         5
 Arcjolt                  Conj/Air       6%         1d16      82%         5
 Freezing Cloud           Conj/Ice/Air   6%         6-21      82%         5
 Iskenderun's Battlesphe  Conj           12%        2d7       82%         5
 Lightning Bolt           Conj/Air       6%         1d18      82%         5
 Haunt                    Necr/Summ      25%        N/A       83%         7
 Iron Shot                Conj/Erth      13%        9d3       93%         6
 Necromutation            Tmut/Necr      31%        N/A       93%         8
 Enfeeble                 Hex            18%        N/A       99%         7
 Summon Cactus Giant      Summ           6%         N/A       100%        6
 Death's Door             Necr           37%        N/A       100%        9
 Portal Projectile        Hex/Tloc       Unusable   N/A       N/A         3

Dungeon Overview and Level Annotations

Branches:
Dungeon (15/15)            Temple (1/1) D:7            Lair (5/5) D:11
  Swamp (3/4) Lair:3        Snake (0/4) Lair:2        Slime (0/5) Lair:5
    Orc (2/2) D:12            Elf (0/3) Orc:2        Vaults (0/5) D:14
 Depths (0/4) D:15          Sewer (visited)

Altars:
Ashenzari
Cheibriados
Dithmenos
Elyvilon
Fedhas
Gozag
Hepliaklqana
Kikubaaqudgha
Makhleb
Nemelex Xobeh
Okawaru
Qazlal
Ru
Sif Muna
Trog
Uskayaw
Vehumet
Wu Jian
Xom
Yredelemnul
Zin
The Shining One

Shops:
D:5 *   Orc:1 ?[[*   Orc:2 ([*=

Annotations:
D:2 Sigmund
D:6 Menkaure
D:8 Joseph, Maurice
D:10 exclusions: cyclops and yak, Nergalle
Lair:5 exclusion: obsidian statue


Innate Abilities, Weirdness & Mutations

You have sharp claws.
You have razor-sharp teeth.
You have supernaturally acute eyesight. (SInv)
You cover ground quickly. (Speed+)
Your thick and shaggy fur keeps you warm. (AC +3, rC+)
Your paws help you pounce on unaware monsters.
You are incapable of wielding weapons or throwing items.
You cannot wear armour.
You gain extra lives every three experience levels.


Message History

The seven-headed hydra misses you.
The seven-headed hydra barely misses you.
The seven-headed hydra bites you.
Aiming: Charm
Press: ? - help, Shift-Dir - straight line, f/p - seven-headed hydra
Aim: a seven-headed hydra (chance to affect: 29%)
Okay, then.
Aiming: Petrify (dangerous; 3% risk of failure)
Press: ? - help, Q - select action, (/) - cycle Shift-Dir - straight line, f/p - seven-headed hydra
Aim: a seven-headed hydra (chance to affect: 34%)
The seven-headed hydra easily resists.
The seven-headed hydra bites you but does no damage.
The seven-headed hydra barely misses you.
The seven-headed hydra closely misses you.
The seven-headed hydra bites you! The seven-headed hydra misses you.
The seven-headed hydra bites you but does no damage.
The seven-headed hydra completely misses you.
Aiming: Petrify (dangerous; 3% risk of failure)
Press: ? - help, Q - select action, (/) - cycle Shift-Dir - straight line, f/p - seven-headed hydra
Aim: a seven-headed hydra (chance to affect: 34%)
The seven-headed hydra easily resists.
The seven-headed hydra bites you! The seven-headed hydra misses you.
The seven-headed hydra bites you!
The seven-headed hydra closely misses you.
The seven-headed hydra completely misses you.
The seven-headed hydra misses you.
The seven-headed hydra closely misses you.
The spriggan druid mumbles some strange words.
The forest starts to sway and rumble!
As you read the scroll of teleportation, it crumbles to dust.
You feel strangely unstable. A root lunges up near you.
Branches wave dangerously above you. A root smacks you from below!
The seven-headed hydra bites you. The seven-headed hydra bites you!
* * * LOW HITPOINT WARNING * * *
The seven-headed hydra bites you!
* * * LOW HITPOINT WARNING * * *
The seven-headed hydra barely misses you.
The seven-headed hydra bites you!
You die...

~~§~.=~♣♣♣♣♣♣~~~♣
~~~.~.~♣♣♣≈≈♣♣~.♣
~~~.~..♣≈≈≈≈≈♣i.♣
~~~~..§≈≈≈≈≈≈≈~~♣♣
~§~~§..♣≈≈≈≈≈♣.~.♣
~§.>..~♣♣≈≈≈♣♣~~.♣
>.~~~.~~♣♣≈♣♣...♣
.♣~..♣..~♣.♣~...♣♣
~.<.~♣.~.~.~..~D@♣
~~.♣~.....~~~.~~.♣
§.♣♣♣♣♣♣♣~~..~~~.♣
.♣♣ ♣♣♣♣♣..~.~.~.♣
♣♣ ♣~..♣.~..~..~♣
♣.~.~♣~♣♣♣♣♣♣♣
♣~..~♣...♣
♣♣♣...~~.♣♣♣♣
♣.....~..~~.♣


You could see a seven-headed hydra and a spriggan druid.

Vanquished Creatures
  An orc warlord (Orc:2)
  4 ghouls (Swamp:2)
  A juggernaut zombie (D:15)
  A caustic shrike skeleton (D:15)
  Nessos (Orc:2)
  2 eleionomae
  3 bunyips
  2 dire elephants (Lair:5)
  An ettin (Orc:1)
  The ghost of osoart the Skirmisher, a journeyman MiHu of Uskayaw (D:11)
  A catoblepas (D:11)
  5 hydras
  5 ghost crabs
  3 centaur warriors
  3 two-headed ogres
  2 boulder beetles
  An alligator (Swamp:1)
  3 death yaks (D:11)
  A spectral dire elephant (Lair:5)
  4 orc high priests (Orc:2)
  A tengu warrior (D:15)
  7 skeletal warriors
  A spectral death yak (Lair:5)
  2 goliath frogs
  A flayed ghost (D:15)
  A spectral anaconda (Lair:5)
  7 spriggan druids
  5 orc knights
  A wizard (D:15)
  7 bog bodies
  2 lindwurms (Lair:3)
  A deep elf pyromancer (D:13)
  4 necromancers
  6 ugly things
  A shadow dragon zombie (D:15)
  5 orc sorcerers
  2 manticores
  2 oklob plants (Lair:4)
  A will-o-the-wisp (Swamp:2)
  9 cyclopes
  4 black mambas
  A guardian serpent (Lair:2)
  14 elephants
  A torpor snail (shapeshifter) (D:13)
  4 apocalypse crabs (Swamp:2)
  3 centaur skeletons (D:14)
  A fire giant skeleton (D:15)
  2 unseen horrors (D:10)
  3 rime drakes
  13 cane toads
  2 gargoyles
  5 yaktaurs
  A dire elephant skeleton (Lair:5)
  2 kobold demonologists (D:12)
  6 komodo dragons
  2 trolls
  A polar bear (Lair:2)
  2 tyrant leeches
  6 hornets
  9 dream sheep
  10 blink frogs
  A spectral elephant (Lair:5)
  6 slime creatures
  6 spriggans
  4 shadows
  6 wyverns
  33 yaks
  A hog (shapeshifter) (D:14)
  3 basilisks
  A steam dragon (D:8)
  2 wraiths (D:12)
  11 vampire mosquitoes
  2 death yak simulacra (Lair:5)
  3 wargs (Orc:2)
  11 swamp worms
  2 acid dragons
  3 spectral cane toads (Lair:5)
  20 water moccasins
  23 orc warriors
  2 swamp drakes (Swamp:1)
  An ice beast (D:7)
  A sky beast (D:6)
  A black bear (D:8)
  An elephant zombie (Lair:5)
  8 ogres
  4 wolves
  5 centaurs
  5 boggarts
  2 elephant skeletons (Lair:5)
  6 kobold brigands
  Blork the orc (D:5)
  2 gnoll sergeants
  10 bullfrogs
  2 necrophages
  5 scorpions
  2 cane toad simulacra (Lair:5)
  3 elephant simulacra (Lair:5)
  2 yak zombies (D:11)
  A killer bee (D:9)
  5 electric eels (D:11)
  2 howler monkeys
  A crimson imp (D:8)
  22 orc priests
  4 hounds
  4 jellies
  A gnoll bouda (D:6)
  3 iguanas
  30 orc wizards
  A hell rat (D:11)
  A boggart skeleton (D:14)
  Robin (D:2)
  15 gnolls
  A river rat (D:3)
  17 adders
  A white imp (D:6)
  An ufetubus (D:5)
  4 worms
  2 dart slugs
  61 orcs
  12 ball pythons
  4 bats
  A bat zombie (D:10)
  17 endoplasms
  6 giant cockroaches
  11 goblins
  6 hobgoblins
  8 jackals
  5 quokkas
  2 frilled lizards
  22 kobolds
  10 rats
  2 rat zombies (D:10)
688 creatures vanquished.

Vanquished Creatures (collateral kills)
  Rupert (Lair:5)
  A hydra (Lair:5)
  An ogre mage (D:15)
  3 two-headed ogres
  A death yak (Lair:5)
  A lindwurm (Lair:3)
  2 manticores
  4 elephants (Lair:4)
  A cane toad (Lair:4)
  2 yaktaurs (D:15)
  2 komodo dragons
  A troll (D:11)
  10 blink frogs
  A water elemental (D:11)
  9 yaks
  A basilisk (Lair:1)
  2 vampire mosquitoes
  A spectral cane toad (Lair:5)
  A death yak simulacrum (Lair:5)
  10 water moccasins
  2 orc warriors
  A black bear (D:5)
  2 centaurs
  3 ogres (D:15)
  An elephant skeleton (Lair:5)
  A phantom (D:6)
  A bullfrog (D:6)
  2 jellies (Sewer)
  An orc priest (Orc:1)
  An iguana (D:5)
  4 orc wizards
  2 gnolls
  7 adders
  A white imp (D:5)
  12 orcs
  2 endoplasms (Sewer)
  3 goblins
  6 kobolds
  A ball python (Sewer)
  A rat (D:11)
109 creatures vanquished.

Vanquished Creatures (others)
  A lindwurm (Lair:3)
  An ugly thing zombie (D:12)
  A dire elephant zombie (Lair:5)
  An unseen horror (D:12)
  An unseen horror zombie (D:12)
  A hydra zombie (Lair:5)
  A two-headed ogre zombie (D:12)
  A cane toad zombie (Lair:3)
  9 blink frog zombies
  7 elephant zombies
  A centaur (D:9)
  3 manticore zombies
  A komodo dragon zombie (Lair:2)
  A bullfrog (D:10)
  4 cyclops zombies
  2 wyvern zombies
  2 water moccasin zombies (Lair:2)
  8 yak zombies
  A troll zombie (D:11)
  A wolf zombie (D:11)
  A bullfrog zombie (Lair:1)
  2 orc wizards
  An acid dragon zombie (D:11)
  2 ogre zombies
  A howler monkey zombie (D:12)
  An adder zombie (Sewer)
  38 orc zombies
  A jelly zombie (Sewer)
  6 gnoll zombies
  A ball python zombie (Sewer)
  An endoplasm zombie (Sewer)
  A giant cockroach zombie (Sewer)
  9 kobold zombies
  8 bushes (Lair:4)
  4 foxfires (Swamp:2)
  18 fungi
  35 plants
  23 withered plants
201 creatures vanquished.

Grand Total: 998 creatures vanquished

Notes
Turn   | Place    | Note
-------+----------+-------------------------------------------
     0 | D:1      | browni3141 the Felid Necromancer began the quest for the
                  | Orb.
     0 | D:1      | Reached XP level 1. HP: 7/7 MP: 4/4
     0 | D:1      | Found a faded altar of an unknown god.
   136 | D:1      | Reached XP level 2. HP: 11/11 MP: 0/6
   887 | D:2      | Reached skill level 5 in Necromancy
   887 | D:2      | Reached XP level 3. HP: 10/14 MP: 2/7
   907 | D:2      | Learned a level 3 spell: Vampiric Draining
  1233 | D:2      | Noticed Robin
  1421 | D:2      | Killed Robin
  1422 | D:2      | Reached XP level 4. HP: 18/18 MP: 0/8
  1825 | D:2      | Reached skill level 6 in Necromancy
  1847 | D:2      | Reached skill level 1 in Fighting
  2225 | D:2      | Noticed Sigmund
  2491 | D:3      | Reached XP level 5. HP: 22/22 MP: 3/9
  2602 | D:3      | Learned a level 4 spell: Animate Dead
  2755 | D:3      | Found a glowing drain.
  2798 | Sewer    | Entered a sewer
  2934 | Sewer    | Reached skill level 1 in Unarmed Combat
  3109 | Sewer    | Gained mutation: You are covered in thick fur. (AC +2)
                  | [Felid growth]
  3109 | Sewer    | Reached XP level 6. HP: 26/26 MP: 2/10
  3231 | Sewer    | Found a viscous altar of Jiyva.
  3911 | D:3      | Found an ornate altar of the Wu Jian Council.
  4514 | D:4      | Reached skill level 5 in Stealth
  4626 | D:5      | Entered Level 5 of the Dungeon
  4671 | D:5      | Reached XP level 7. HP: 26/30 MP: 11/11
  4850 | D:5      | Found Kirhal's General Store.
  4958 | D:5      | Reached skill level 7 in Necromancy
  5180 | D:5      | Noticed Blork the orc
  5205 | D:5      | Killed Blork the orc
  5218 | D:5      | Your ally Blork died
  5376 | D:5      | Reached skill level 8 in Necromancy
  5555 | D:5      | Learned a level 2 spell: Ensorcelled Hibernation
  5639 | D:6      | Reached skill level 1 in Hexes
  5639 | D:6      | Reached XP level 8. HP: 32/34 MP: 6/12
  5698 | D:6      | Noticed Menkaure
  6043 | D:6      | Learned a level 2 spell: Passwall
  6397 | D:6      | Found a glowing golden altar of the Shining One.
  6675 | D:6      | Reached skill level 5 in Hexes
  7228 | D:7      | Reached skill level 9 in Necromancy
  7238 | D:7      | Reached XP level 9. HP: 35/39 MP: 8/16
  7529 | D:7      | Found a snail-covered altar of Cheibriados.
  7801 | D:7      | Reached skill level 10 in Necromancy
  8084 | D:7      | Found a staircase to the Ecumenical Temple.
  8265 | Temple   | Entered the Ecumenical Temple
  8385 | Temple   | Became a worshipper of Sif Muna the Loreminder
  8798 | D:8      | Noticed Joseph
  9323 | D:8      | Found a shimmering altar of Xom.
  9324 | D:8      | Found a burning altar of Makhleb.
  9564 | D:8      | Noticed Maurice
  9673 | D:8      | You fall into a shaft and drop 2 floors!
  9673 | D:10     | Entered Level 10 of the Dungeon
  9674 | D:10     | Identified a scroll of acquirement
  9682 | D:10     | Noticed a cyclops
  9753 | D:10     | Reached skill level 11 in Necromancy
  9794 | D:10     | Succumbed to a hornet's poison
  9795 | D:10     | Reached XP level 8. HP: -2/36 MP: 3/24
  9795 | D:10     | Found an opulent altar of Gozag.
  9803 | D:10     | Found an iron altar of Okawaru.
  9805 | D:10     | Found a hazy altar of Hepliaklqana.
  9822 | D:10     | Found a hide-covered altar of Uskayaw.
  9881 | D:10     | Found a broken altar of Ashenzari.
 10023 | D:10     | Killed a hornet
 10096 | D:10     | Found an ancient bone altar of Kikubaaqudgha.
 10293 | D:9      | Reached * piety under Sif Muna
 10457 | D:9      | Reached XP level 9. HP: 39/39 MP: 16/16
 10969 | D:8      | Acquired a book of Sloth
 10976 | D:8      | Learned a level 4 spell: Petrify
 11049 | D:8      | Reached skill level 1 in Transmutations
 11140 | D:8      | Reached skill level 1 in Evocations
 11440 | D:5      | Bought a scroll of vulnerability for 56 gold pieces
 11440 | D:5      | Bought a wand of charming (6) for 201 gold pieces
 11909 | D:9      | Found a glowing silver altar of Zin.
 11999 | D:9      | Reached skill level 1 in Invocations
 12555 | D:9      | Found a shadowy altar of Dithmenos.
 12804 | D:10     | Noticed an unseen horror
 12810 | D:10     | Killed an unseen horror
 12881 | D:10     | Noticed Nergalle
 13425 | D:11     | Reached skill level 5 in Dodging
 13801 | D:10     | Noticed an unseen horror
 13807 | D:10     | Killed an unseen horror
 13808 | D:10     | Reached skill level 12 in Necromancy
 13808 | D:10     | Reached XP level 10. HP: 34/43 MP: 11/17
 14013 | D:12     | Noticed a skeletal warrior
 14013 | D:12     | Noticed a skeletal warrior
 14013 | D:12     | Noticed a skeletal warrior
 14078 | D:11     | Noticed a cyclops
 14171 | D:11     | Noticed a catoblepas
 14213 | D:11     | Killed a catoblepas
 14214 | D:11     | Reached skill level 1 in Earth Magic
 14378 | D:11     | Reached skill level 5 in Fighting
 14548 | D:11     | Found a runed translucent door.
 14549 | D:11     | Identified the +11 spear of Divine Offence {pain, Contam
                  | rElec rN+++ Dex-4}
 14555 | D:11     | Noticed osoart's ghost (journeyman MiHu)
 14704 | D:11     | Noticed a death yak
 14704 | D:11     | Noticed a death yak
 14731 | D:11     | Found a staircase to the Lair.
 14731 | D:11     | Noticed a death yak
 14747 | D:11     | Killed a death yak
 14769 | D:11     | Killed a death yak
 14773 | D:11     | Reached ** piety under Sif Muna
 14789 | D:11     | Killed a cyclops
 15269 | D:12     | Noticed a two-headed ogre
 15269 | D:12     | Noticed a manticore
 15359 | Lair:1   | Entered Level 1 of the Lair of Beasts
 15394 | Lair:1   | Reached XP level 11. HP: 48/48 MP: 1/18
 16448 | Lair:1   | Reached skill level 5 in Unarmed Combat
 17030 | Lair:2   | Found a staircase to the Snake Pit.
 17073 | Lair:2   | Reached skill level 5 in Transmutations
 17073 | Lair:2   | Reached skill level 5 in Evocations
 17237 | Lair:2   | Reached *** piety under Sif Muna
 17324 | Lair:2   | Reached skill level 5 in Invocations
 17871 | Lair:2   | Gained mutation: Your thick and shaggy fur keeps you warm.
                  | (AC +3, rC+) [Felid growth]
 17871 | Lair:2   | Reached XP level 12. HP: 53/53 MP: 14/19
 18537 | Lair:2   | Reached skill level 10 in Stealth
 19468 | Lair:3   | Reached **** piety under Sif Muna
 20045 | Lair:3   | Found a staircase to the Swamp.
 20075 | Lair:3   | Noticed an eight-headed hydra
 20276 | Lair:3   | Killed an eight-headed hydra
 20277 | Lair:3   | Reached skill level 10 in Dodging
 20822 | Lair:4   | You fall into a shaft and drop 1 floor!
 20822 | Lair:5   | Entered Level 5 of the Lair of Beasts
 20822 | Lair:5   | Noticed an eight-headed hydra
 20822 | Lair:5   | Noticed a seven-headed hydra
 20823 | Lair:5   | Upgraded the game from 0.30-a0-738-g116ff8c4af to
                  | 0.30-a0-739-gea05faddec
 20854 | Lair:5   | Noticed Rupert
 20909 | Lair:5   | Reached XP level 13. HP: 33/58 MP: 1/20
 21251 | Lair:3   | Identified the +1 buckler of Siochom {Fly Will- Dex+8 SInv}
 21312 | Lair:3   | Killed from afar by a lindwurm
 21313 | Lair:3   | Reached XP level 12. HP: -10/55 MP: 0/28
 21449 | Lair:3   | Reached ***** piety under Sif Muna
 21530 | Lair:3   | Identified the +0 leather armour of Xatesoe {rC++ Int+2}
 21749 | Lair:4   | Reached skill level 10 in Invocations
 21753 | Lair:4   | Received a gift from Sif Muna
 21754 | Lair:4   | Got Sif Muna's Guidebook on Mortification and Wounds {god
                  | gift}
 23011 | Lair:5   | Noticed a six-headed hydra
 23025 | Lair:5   | Killed a six-headed hydra
 23169 | Lair:5   | Noticed a dire elephant
 23169 | Lair:5   | Noticed a death yak
 23169 | Lair:5   | Noticed a dire elephant
 23185 | Lair:5   | Killed a death yak
 23396 | Lair:5   | Killed a seven-headed hydra
 23397 | Lair:5   | Reached skill level 5 in Spellcasting
 23419 | Lair:5   | Killed an eight-headed hydra
 23629 | Lair:5   | Reached XP level 13. HP: 50/58 MP: 11/21
 23911 | Lair:5   | Killed Rupert
 23967 | Lair:5   | Found a staircase to the Slime Pits.
 24098 | Lair:5   | Learned a level 4 spell: Dispel Undead
 25170 | Lair:5   | Found a staircase to the Slime Pits.
 25616 | Lair:5   | Reached skill level 13 in Necromancy
 26055 | Lair:5   | Learned a level 5 spell: Borgnjor's Vile Clutch
 26673 | Lair:5   | Killed a dire elephant
 26677 | Lair:5   | Killed a dire elephant
 27412 | D:11     | Found a runed translucent door.
 27777 | D:11     | Found a staircase to the Lair.
 28629 | D:11     | Killed osoart's ghost
 28630 | D:11     | Reached skill level 5 in Earth Magic
 29477 | D:12     | Found a staircase to the Orcish Mines.
 30175 | D:12     | Reached XP level 14. HP: 63/63 MP: 10/26
 30210 | D:12     | Reached skill level 14 in Necromancy
 32138 | D:13     | Received a gift from Sif Muna
 32139 | D:13     | Got Sif Muna's Directory of the Windy Crevasse {god gift}
 32884 | D:14     | Found a stormy altar of Qazlal.
 33290 | D:14     | Found a gate to the Vaults.
 34107 | D:14     | Learned a level 6 spell: Death Channel
 34133 | D:15     | Entered Level 15 of the Dungeon
 34338 | D:15     | Killed from afar by a wizard
 34339 | D:15     | Reached XP level 13. HP: -6/58 MP: 0/27
 34366 | D:15     | Reached skill level 10 in Spellcasting
 34506 | D:14     | Reached skill level 15 in Necromancy
 34965 | D:15     | Found a staircase to the Depths.
 34976 | D:15     | Reached XP level 14. HP: 63/63 MP: 29/29
 35513 | D:15     | Found a shimmering blue altar of Sif Muna.
 35633 | Orc:1    | Entered Level 1 of the Orcish Mines
 35734 | Orc:1    | Found Miecs's Armour Boutique.
 35933 | Orc:1    | Found Ijeff's Assorted Antiques.
 35942 | Orc:1    | Bought 2 potions of heal wounds for 350 gold pieces
 35942 | Orc:1    | Bought a small emerald ring for 175 gold pieces
 35964 | Orc:1    | Found Reusenua's Antique Armour Shoppe.
 36157 | Orc:2    | Entered Level 2 of the Orcish Mines
 36190 | Orc:2    | Noticed Nessos
 36199 | Orc:2    | Killed Nessos
 36325 | Orc:2    | Found a staircase to the Elven Halls.
 36525 | Orc:2    | Noticed an orc warlord
 36545 | Orc:2    | Killed an orc warlord
 37292 | Orc:2    | Got the Teachings on Enchanted Pestilence
 37353 | Orc:2    | Found Ziratole's Antique Armour Boutique.
 37354 | Orc:2    | Found Kus Foj's Antique Weapon Boutique.
 37355 | Orc:2    | Found Oreka's General Store.
 37355 | Orc:2    | Found Otzetsof's Jewellery Shop.
 37465 | Orc:2    | Bought a ring of fire for 350 gold pieces
 37465 | Orc:2    | Bought a condenser vane for 560 gold pieces
 37465 | Orc:2    | Bought a potion of ambrosia for 112 gold pieces
 37717 | Orc:1    | Found Zyluefol's Magic Scroll Emporium.
 37780 | Orc:1    | Bought a scroll of poison for 64 gold pieces
 37780 | Orc:1    | Bought a scroll of blinking for 120 gold pieces
 37780 | Orc:1    | Bought a scroll of blinking for 120 gold pieces
 38002 | Swamp:1  | Entered Level 1 of the Swamp
 38430 | Swamp:2  | Received a gift from Sif Muna
 38431 | Swamp:2  | Got Sif Muna's Vellum of Assaults and the Damned {god gift}
 39002 | Swamp:2  | Noticed a ghoul
 39007 | Swamp:2  | Noticed a ghoul
 39009 | Swamp:2  | Noticed a ghoul
 39015 | Swamp:2  | Killed a ghoul
 39066 | Swamp:2  | Noticed a ghoul
 39286 | Swamp:2  | Found a runed translucent door.
 39873 | Swamp:2  | Reached skill level 16 in Necromancy
 39873 | Swamp:2  | Reached XP level 15. HP: 42/66 MP: 13/30
 40128 | Swamp:2  | Reached skill level 15 in Stealth
 41124 | Swamp:2  | Killed from afar by an eleionoma
 41125 | Swamp:2  | Reached XP level 14. HP: -3/63 MP: 0/29
 41849 | Swamp:3  | HP: 1/63 [seven-headed hydra[a spriggan druid] (12)]
 41849 | Swamp:3  | Demolished by a seven-headed hydra

Illustrated notes

Levels and vault maps discovered:
D:1:      spicycebolla_green_bress_n_ham, layout_loops_ring,
          hellmonk_ecumenical_altar_arch_garden, amcnicky_mini_corridor_feature
D:2:      layout_loops_corners, uniq_robin, uniq_sigmund
D:3:      layout_basic, nzn_wu_jian_council_hall, gup_sewer_entry_bubbles
D:4:      layout_loops_ring
D:5:      layout_basic, nicolae_take_the_stairs, uniq_blork_the_orc
D:6:      layout_basic, nicolae_tso_swordbearing_angel, solitary_fountain,
          uniq_menkaure
D:7:      layout_basic, general_overflow_altar,
          minmay_temple_entry_glassed_door, kennysheep_another_room,
          hangedman_decor_riveting
D:8:      layout_layer_cave, grunt_temple_overflow_champion_of_chaos,
          minivault_19, serial_park_tiny_2, uniq_joseph, uniq_maurice
D:9:      layout_loops_cross, zin_scriptorium, grunt_dithmenos_shadows
D:10:     layout_rooms, lemuel_zombie_altar_kikubaaqudgha,
          minmay_overflow_temple_star_hex, dreamdust_princess_corridor,
          amcnicky_mini_pool_medium, uniq_nergalle
D:11:     erik_rubicon_b, layout_cave_pods, dpeg_lair_monsters,
          ebering_ghost_funeral_grove, ebering_dispersal_statue_hall
D:12:     layout_loops_corners, orc_0_dummy, kennysheep_kite_vault
D:13:     minmay_spotlight, layout_stronghold, hangedman_decor_push
D:14:     layout_roguey, hangedman_vaults_entry_quadrant_bands,
          nicolae_qazlal_eye_of_the_storm
D:15:     gammafunk_depths_entry_grave, layout_cave_pools, serial_column_ruins,
          column_ruins_hut, column_ruins_open_tiny_water,
          column_ruins_columns_straight, column_ruins_open_tiny,
          column_ruins_open_small, lemuel_blue_sif_altar
Temple:   nicolae_temple_figure_zero
Lair:1:   layout_regular_city
Lair:2:   lemuel_reptile_caves, layout_concentric_octagons,
          minmay_snake_entry_spellcaster, hibernation_bobbens,
          grunt_megastairs_4, infiniplex_staircase_pool_2, lemuel_fruit_tree
Lair:3:   layout_big_grid, swamp_mist, minmay_lindwurm_lava
Lair:4:   layout_misc_corridors, minmay_lair_oklob_bushes
Lair:5:   due_jungle_book, layout_gridlike, dpeg_slime_entry_enclosed,
          uniq_rupert
Swamp:1:  layout_falls_marsh, infiniplex_staircase_pool
Swamp:2:  gammafunk_mikee_crab_dinner, layout_basic_swamp,
          wheals_swamp_sinkhole, swamp_pool2
Swamp:3:  layout_basic_swamp, ebering_ghost_reflecting_pool,
          nicolae_swamp_well_well_well, swamp_pool4
Orc:1:    layout_diamond_mine, serial_shops,
          nicolae_shop_temple_entry_statues_fountains, nicolae_shop_stone,
          nicolae_diamond_shop, nicolae_shop_hallway_plus
Orc:2:    st_orc_congregation, layout_caves, mines4_lemuel, uniq_nessos

Skill      XL: |  1  2  3  4  5  6  7  8  9 10 11 12 13 14 15 |
---------------+----------------------------------------------+-----
Necromancy     | 5 6 8 9 12 15 16 | 16.3
Fighting       | 1 2 3 4 5 6 8 |  8.0
Dodging        | 3 4 5 6 8 10 | 10.0
Stealth        | 3 5 6 8 9 12 14 15 | 15.6
Unarmed Combat | 1 2 3 4 5 8 |  8.0
Hexes          | 1 5 |  5.0
Spellcasting   | 4 5 10 9 | 10.0
Transmutations | 2 4 5 7 8 |  8.0
Evocations     | 2 3 5 6 |  6.0
Invocations    | 2 3 5 10 8 11 | 11.2
Earth Magic    | 1 2 4 5 6 |  6.0

Action                     |  1- 3 |  4- 6 |  7- 9 | 10-12 | 13-15 || total
---------------------------+-------+-------+-------+-------+-------++-------
  Melee: Unarmed           |     3 |    23 |   179 |   338 |   452 ||   995
         Bite              |       |     1 |    19 |    33 |    78 ||   131
         Punch             |       |       |     6 |    12 |    27 ||    45
   Cast: Necrotise         |    69 |   147 |   258 |   130 |       ||   604
         Animate Dead      |       |     1 |     9 |    15 |    16 ||    41
         Vampiric Draining |       |       |    44 |    70 |    36 ||   150
         Passwall          |       |       |     2 |       |     3 ||     5
         Ensorcelled Hiber |       |       |     1 |   149 |    23 ||   173
         Petrify           |       |       |       |    25 |   173 ||   198
         Dispel Undead     |       |       |       |       |   101 ||   101
         Borgnjor's Vile C |       |       |       |       |   131 ||   131
         Haunt             |       |       |       |       |     1 ||     1
         Death Channel     |       |       |       |       |     7 ||     7
 Invoke: Channel Magic     |       |       |       |     4 |    16 ||    20
         Divine Exegesis   |       |       |       |       |     1 ||     1
  Evoke: Wand              |       |       |     7 |    18 |    22 ||    47
         Condenser vane    |       |       |       |       |     2 ||     2
    Use: Scroll            |       |     3 |    20 |    11 |    11 ||    45
         Potion            |       |     1 |     2 |     9 |     6 ||    18
   Stab: Sleeping          |       |     6 |    12 |    60 |    38 ||   116
         Distracted        |       |       |     1 |     8 |     4 ||    13
         Petrified         |       |       |       |    23 |   163 ||   186
         Invisible         |       |       |       |     4 |     1 ||     5
         Fleeing           |       |       |       |     1 |       ||     1
         Petrifying        |       |       |       |       |    12 ||    12
 Armour: Skin              |     1 |     1 |    25 |    24 |    48 ||    99
  Dodge: Dodged            |    13 |    43 |   307 |   451 |   540 ||  1354

Table legend: (Time is in decaauts)
 A = Elapsed time spent in this place.
 B = Non-inter-level travel time spent in this place.
 C = Inter-level travel time spent in this place.
 D = Time resting spent in this place.
 E = Time spent auto-exploring this place.
 F = Levels seen in this place.
 G = Mean time per level.
                   A        B        C        D        E       F      G
               +--------+--------+--------+--------+--------+-----+--------+
         Total |  37377 |  35142 |   2235 |   8059 |  18885 |  27 | 1384.3 |
       Dungeon |  20297 |  18945 |   1352 |   2827 |  12058 |  15 | 1353.1 |
        Temple |    107 |     98 |      9 |      0 |     92 |   1 |  107.0 |
          Lair |  10947 |  10399 |    548 |   3070 |   4724 |   5 | 2189.4 |
         Swamp |   3581 |   3428 |    153 |   1753 |    879 |   3 | 1193.7 |
  Orcish Mines |   1982 |   1811 |    171 |    358 |    896 |   2 |  991.0 |
         Sewer |    460 |    460 |      0 |     50 |    235 |   1 |  460.0 |
               +--------+--------+--------+--------+--------+-----+--------+

Top non-repeatable levels by time:
  Lair:5: 3954 daAuts
    D:11: 3600 daAuts
 Swamp:2: 2377 daAuts
  Lair:2: 2220 daAuts
    D:12: 1736 daAuts
  Lair:3: 1658 daAuts
     D:8: 1598 daAuts
  Lair:1: 1580 daAuts
    D:13: 1580 daAuts
  Lair:4: 1533 daAuts
     D:2: 1434 daAuts
     D:6: 1395 daAuts
    D:14: 1330 daAuts
     D:7: 1275 daAuts
     D:9: 1194 daAuts
